 Dungeon Crawl Stone Soup version 0.27.1-34-g3ba077fa99 (webtiles) character file.

Game seed: 17960714167023626696

140 Gabide the Cudgeller (level 5, -5/41 HPs)
             Began as a Human Monk on Jan 25, 2022.
             Slain by a gnoll (9 damage)
             ... on level 3 of the Dungeon.
             The game lasted 00:05:19 (3398 turns).

Gabide the Cudgeller (Human Monk)                   Turns: 3398, Time: 00:05:19

Health: -5/41      AC:  6    Str: 12    XL:     5   Next: 47%
Magic:  5/5        EV: 12    Int: 10    God:
Gold:   214        SH:  0    Dex: 16    Spells: 4/4 levels left

rFire    . . .     SeeInvis .   a - +0 mace (freeze)
rCold    . . .     Faith    .   (no shield)
rNeg     . . .     Spirit   .   k - +0 ring mail {rPois}
rPois    +         Reflect  .   c - +0 helmet
rElec    .         Harm     .   (no cloak)
rCorr    .         Rampage  .   (no gloves)
Will     .....                  (no boots)
Stlth    +.........             (no amulet)
HPRegen  0.13/turn              (no ring)
MPRegen  0.09/turn              (no ring)

@: lit by a corona, glowing
A: no striking features
a: no special abilities


You were on level 3 of the Dungeon.
You visited 1 branch of the dungeon, and saw 4 of its levels.

You collected 214 gold pieces.

Inventory:

Hand Weapons
 a - a +0 mace of freezing (weapon)
 e - a +0 flail
Armour
 c - a +0 helmet (worn)
 k - a +0 ring mail of poison resistance (worn)
Scrolls
 b - a scroll of identify
 d - a scroll of holy word


   Skills:
 + Level 3.5 Fighting
 + Level 4.1 Maces & Flails
 + Level 1.3 Armour
 * Level 4.0 Dodging
 + Level 2.4 Stealth


You had 4 spell levels left.
You didn't know any spells.
Your spell library contained the following spells:

 Spells                   Type           Power      Damage    Failure   Level
 Corona                   Hex            0%         N/A       63%         1
 Blink                    Tloc           N/A        N/A       77%         2
 Ensorcelled Hibernation  Hex/Ice        0%         N/A       77%         2
 Conjure Flame            Conj/Fire      0%         6-21      94%         3
 Ignite Poison            Fire/Tmut/Pois 0%         N/A       94%         3
 Lesser Beckoning         Tloc           0%         N/A       94%         3
 Tukima's Dance           Hex            0%         N/A       94%         3
 Sticky Flame             Conj/Fire      0%         2d3       100%        4
 Manifold Assault         Tloc           0%         N/A       100%        5


Dungeon Overview and Level Annotations

Branches:
Dungeon (4/15)
 Temple: D:4-7

Altars:
Ashenzari
Makhleb


Message History

There is a stone staircase leading up here.
The helpless gnoll fails to defend itself.
You hit the gnoll. You freeze the gnoll.
The gnoll is lightly wounded.
The gnoll shaman shouts!
The gnoll shouts!
You hear a shout! x2
The gnoll hits you with a +0 halberd! The gnoll closely misses you.
You climb upwards.
There is a stone staircase leading down here.
Press: ? - help, v - describe, . - travel
Here: a gnoll shaman, wielding a +3 whip and wearing a +0 robe The floor.
Unknown command.
The gnoll shaman mumbles some strange prayers to its god against you.
You resist with some effort. The gnoll misses you.
The gnoll closely misses you.
The gnoll shaman calls upon its god to heal the gnoll.
The gnoll's wounds heal themselves!
The gnoll shaman calls upon its god to speed up the gnoll.
The gnoll seems to speed up.
The gnoll closely misses you. The gnoll barely misses you.
You aren't carrying any potions.
As you read the scroll labelled YDDUC GAUFREIB, it crumbles to dust.
The creatures around you are filled with an inner flame!
It was a scroll of immolation.
The gnoll closely misses you.
Okay, then.
The gnoll hits you from afar with a +0 halberd.
The gnoll barely misses you. The gnoll closely misses you.
The gnoll closely misses you.
The gnoll hits you from afar with a +0 halberd!
The gnoll shaman calls down the wrath of its god upon you.
You are outlined in light.
The gnoll hits you from afar with a +0 halberd!
* * * LOW HITPOINT WARNING * * *
The gnoll hits you from afar with a +0 halberd.
* * * LOW HITPOINT WARNING * * *
The gnoll hits you from afar with a +0 halberd!
You die...

####.#.###############....###+##.
#.#.................#(........
#.###################.........
#.#...........................
#.#.##################....<... #
#.#.....#...........##.......>
####.#.#.....#########...........
.....#.#.........................
######.#..#.....@.g.............#
# #.#......#........########g#
######.#....#.#.....g..##### #.#
........†####.########.....####.#
..............# #..........#
.........####.# #.....######
.........# #.# #.....# #
.........# ### ####### #
.........# #


You could see a gnoll shaman (inner flame) and a gnoll (fast, inner flame).

Vanquished Creatures
  Robin (D:2)
  A gnoll (D:1)
  5 adders
  3 dart slugs
  2 ball pythons
  5 endoplasms
  5 giant cockroaches
  15 goblins
  6 hobgoblins
  3 jackals (D:2)
  2 quokkas (D:3)
  7 bats
  A frilled lizard (D:1)
  3 kobolds
  4 rats
63 creatures vanquished.

Notes
Turn   | Place    | Note
-------+----------+-------------------------------------------
     0 | D:1      | Gabide the Human Monk began the quest for the Orb.
     0 | D:1      | Reached XP level 1. HP: 18/18 MP: 1/1
    82 | D:1      | Reached XP level 2. HP: 14/24 MP: 2/2
   547 | D:1      | Reached XP level 3. HP: 23/29 MP: 3/3
  1551 | D:2      | Reached XP level 4. HP: 30/35 MP: 4/4
  1633 | D:2      | Found a burning altar of Makhleb.
  1789 | D:2      | Noticed Robin
  2208 | D:2      | Reached XP level 5. HP: 25/41 MP: 5/5
  2370 | D:2      | Killed Robin
  2539 | D:2      | Reached skill level 1 in Armour
  2648 | D:3      | Found a broken altar of Ashenzari.
  2713 | D:3      | Found a faded altar of an unknown god.
  3398 | D:3      | Slain by a gnoll

Illustrated notes

Levels and vault maps discovered:
D:1:      matt_arrival_refuge, layout_loops_ring, minmay_hexomino_u4
D:2:      layout_rooms, basic_altar, uniq_robin
D:3:      layout_basic, lemuel_crystal_altar, ebering_ecumenical_altar_abandoned
D:4:      layout_loops_ring, nicolae_qazlal_style_of_elements,
          minmay_temple_entry_glassed_door, wad_orctagon, uniq_edmund

Skill      XL: |  1  2  3  4  5 |
---------------+----------------+-----
Armour         | 1 |  1.3
Maces & Flails | 4 |  4.1
Dodging        | 4 |  4.0
Fighting       | |  3.5
Stealth        | |  2.4

Action                   |  1- 3 |  4- 6 || total
-------------------------+-------+-------++-------
Melee: Mace              |    96 |   148 ||   244
  Use: Scroll            |     2 |     5 ||     7
       Potion            |       |     3 ||     3
 Stab: Sleeping          |     4 |     2 ||     6
Armor: Robe              |    11 |       ||    11
       Ring mail         |     6 |    67 ||    73
Dodge: Dodged            |    89 |   131 ||   220
